 Dungeon Crawl Stone Soup version 0.29.1-12-g30fa7ad0bf (webtiles) character file.

Game seed: 6884974354089672309

1269 mampy3000 the Cleaver (level 8, -3/70 HPs)
             Began as a Minotaur Berserker on Dec 29, 2022.
             Was an Elder of Trog.
             Succumbed to a gnoll's poison
             ... on level 6 of the Dungeon.
             The game lasted 00:12:28 (4263 turns).

mampy3000 the Cleaver (Minotaur Berserker)          Turns: 4263, Time: 00:12:29

Health: -3/70      AC: 12    Str: 23    XL:     8   Next: 28%
Magic:  7/7        EV:  9    Int:  4    God:    Trog [****..]
Gold:   229        SH: 11    Dex: 23    Spells: 7/7 levels left

rFire   . . .      SeeInvis .   a - +0 hand axe
rCold   . . .      Faith    +   m - +0 kite shield
rNeg    . . .      Spirit   .   A - +0 chain mail
rPois   .          Reflect  .   (helmet restricted)
rElec   .          Harm     .   (no cloak)
rCorr   .          Rampage  .   y - +0 pair of gloves
Will    ++...                   l - +0 pair of boots
Stlth   ..........              p - amulet of faith
HPRegen 1.21/turn               g - +6 ring of dexterity
MPRegen 0.10/turn               w - +6 ring of dexterity

@: lethally poisoned (-3 -> -24), strong-willed, on berserk cooldown,
regenerating, slowed, very slow
A: horns 2, retaliatory headbutt
a: Renounce Religion, Berserk, Trog's Hand, Brothers in Arms


You were on level 6 of the Dungeon.
You worshipped Trog.
Trog was greatly pleased with you.
You visited 1 branch of the dungeon, and saw 6 of its levels.

You collected 229 gold pieces.

Inventory:

Hand Weapons
 a - a +0 hand axe (weapon)
Missiles
 t - 2 throwing nets (quivered)
Armour
 l - a +0 pair of boots (worn)
 m - a +0 kite shield (worn)
 y - a +0 pair of gloves (worn)
 A - a +0 chain mail (worn)
Jewellery
 g - a +6 ring of dexterity (left hand)
 p - an amulet of faith (around neck)
 w - a +6 ring of dexterity (right hand)
 x - a ring of magical power
Wands
 z - a wand of flame (31)
Scrolls
 b - 2 scrolls of enchant weapon {unknown}
 h - 4 scrolls of identify
 i - 3 scrolls of poison {unknown}
 u - 2 scrolls of noise {unknown}
 v - a scroll of silence {unknown}
Potions
 c - a potion of mutation {unknown}
 d - 3 potions of attraction {unknown}
 e - a potion of brilliance {unknown}
 f - 5 potions of flight
 j - 3 potions of heal wounds {unknown}
 k - a potion of might {unknown}
 n - 4 potions of degeneration {unknown}
 o - a potion of ambrosia {unknown}
 q - a potion of berserk rage {unknown}
 r - 2 potions of curing {unknown}
 s - a potion of experience {unknown}
 B - a potion of cancellation {unknown}
 C - 2 potions of magic {unknown}


   Skills:
 + Level 6.1 Fighting
 + Level 8.7 Axes
 + Level 5.3 Armour
 + Level 3.6 Dodging
 + Level 0.5 Stealth
 + Level 4.4 Shields


You had 7 spell levels left.
You didn't know any spells.
Your spell library was empty.

Dungeon Overview and Level Annotations

Branches:
Dungeon (6/15)
 Temple: D:4-7

Altars:
Gozag
Wu Jian
Yredelemnul

Shops:
D:5 (


Innate Abilities, Weirdness & Mutations

You have a pair of horns on your head.
You reflexively headbutt those who attack you in melee.


Message History

The gnoll hits you from afar with a +4 spear of venom!
You are more poisoned.
The gnoll bouda hits you but does no damage.
You barely miss the gnoll bouda. You headbutt the gnoll bouda.
You feel the power of Trog in you as your rage grows.
You kill the gnoll bouda!
Trog accepts your kill.
You feel very sick.
You feel very sick.
You see here a +0 flail.
You feel a strong urge to attack something.
You feel sick.
You are no longer berserk.
You are exhausted.
You feel yourself slow down.
Your attacks no longer feel as feeble.
You feel very sick.
The gnoll hits you with a +4 spear of venom.
You are more poisoned.
The gnoll closely misses you.
You see here a +0 flail.
You slash the gnoll! Your headbutt misses the gnoll.
The gnoll is severely wounded.
You feel extremely sick.
The gnoll hits you with a +4 spear of venom.
You are more poisoned.
The gnoll hits you but does no damage.
The gnoll hits you with a +4 spear of venom!
You are more poisoned.
Your skin crawls.
You feel strong-willed.
* * * LOW HITPOINT WARNING * * *
You feel extremely sick. You block the gnoll's attack. x3
You fail to use your ability.
* * * LOW HITPOINT WARNING * * *
You feel extremely sick.
You block the gnoll's attack. x2; The gnoll hits you but does no damage.
You are more poisoned.
You die...

... .# #.# .# #.#
.# #.# ##.# ##.##
#..## ######...<
#.$. ........##
#####.# #######.#
#gg)@.# ##.#
#..gg###.# #..#
:...### #.# #.##
##. #.# #.# #.# #.#
#####.##### #.#
#.........# #.#
#.........#######.#
#.........#.....†.#


You could see 4 gnolls.

Vanquished Creatures
  Grinder (D:5)
  Edmund (D:5)
  An ogre (D:4)
  A bullfrog (D:5)
  4 necrophages
  A gnoll bouda (D:6)
  4 hounds
  3 jellies
  2 orc priests
  2 iguanas
  A gnoll (D:6)
  8 adders
  A white imp (D:4)
  A worm (D:3)
  2 dart slugs (D:2)
  11 orcs
  6 ball pythons
  15 endoplasms
  8 giant cockroaches
  10 goblins
  5 hobgoblins
  4 jackals (D:1)
  7 quokkas
  8 bats
  A frilled lizard (D:3)
  13 kobolds
  5 rats
126 creatures vanquished.

Vanquished Creatures (others)
  3 fungi (D:4)
  9 toadstools (D:4)
12 creatures vanquished.

Grand Total: 138 creatures vanquished

Notes
Turn   | Place    | Note
-------+----------+-------------------------------------------
     0 | D:1      | mampy3000 the Minotaur Berserker began the quest for the
                  | Orb.
     0 | D:1      | Reached XP level 1. HP: 19/19 MP: 0/0
   231 | D:1      | Reached XP level 2. HP: 27/27 MP: 1/1
   335 | D:1      | Reached skill level 4 in Axes
   615 | D:1      | Reached ** piety under Trog
   616 | D:1      | Reached XP level 3. HP: 34/34 MP: 2/2
  1039 | D:2      | Found an opulent altar of Gozag.
  1174 | D:2      | Reached XP level 4. HP: 41/41 MP: 3/3
  1395 | D:3      | Found a basalt altar of Yredelemnul.
  1519 | D:3      | Reached skill level 5 in Axes
  1859 | D:3      | Reached skill level 5 in Fighting
  1892 | D:3      | Reached *** piety under Trog
  1893 | D:3      | Reached XP level 5. HP: 48/48 MP: 4/4
  2014 | D:4      | Noticed an ogre
  2033 | D:4      | Reached skill level 1 in Shields
  2038 | D:4      | Killed an ogre
  2039 | D:4      | Reached skill level 6 in Axes
  2039 | D:4      | Reached XP level 6. HP: 56/56 MP: 5/5
  3091 | D:5      | Entered Level 5 of the Dungeon
  3172 | D:5      | Reached XP level 7. HP: 44/61 MP: 6/6
  3282 | D:5      | Reached skill level 7 in Axes
  3323 | D:5      | Found Qymocoin's Weapon Shoppe.
  3325 | D:5      | Reached **** piety under Trog
  3374 | D:5      | Noticed Edmund
  3386 | D:5      | Killed Edmund
  3391 | D:5      | Noticed Grinder
  3409 | D:5      | Paralysed by Grinder for 2 turns
  3411 | D:5      | Killed Grinder
  3412 | D:5      | Reached skill level 8 in Axes
  3412 | D:5      | Reached skill level 5 in Armour
  3417 | D:5      | Reached XP level 8. HP: 60/70 MP: 7/7
  3977 | D:5      | Found an ornate altar of the Wu Jian Council.
  4263 | D:6      | Succumbed to a gnoll's poison

Illustrated notes

Levels and vault maps discovered:
D:1:      spicycebolla_green_bress_n_ham, layout_basic, amcnicky_mini_pool_small
D:2:      layout_rooms, basic_altar
D:3:      layout_rooms, mainiacjoe_overflow_six_doors_small, minmay_vboxes
D:4:      cheibrodos_fertilizer, layout_basic
D:5:      layout_loops_ring, nicolae_wu_jian_immortal_techniques, serial_shops,
          shop, uniq_edmund, uniq_grinder
D:6:      layout_rooms, mainiacjoe_overflow_cross_hatched

Skill      XL: |  1  2  3  4  5  6  7  8 |
---------------+-------------------------+-----
Fighting       | 4 5 6 |  6.1
Axes           | 4 5 6 8 |  8.7
Armour         | 3 4 5 |  5.3
Shields        | 1 2 3 4 |  4.4
Dodging        | 3 |  3.6
Stealth        | |  0.5

Action                   |  1- 3 |  4- 6 |  7- 9 || total
-------------------------+-------+-------+-------++-------
Melee: Hand axe          |    78 |   170 |    66 ||   314
       Headbutt          |     8 |    33 |    21 ||    62
       Punch             |     1 |       |       ||     1
Invok: Berserk           |       |     2 |     2 ||     4
       Trog's Hand       |       |       |     2 ||     2
  Use: Scroll            |       |       |     1 ||     1
Armor: Animal skin       |    11 |       |       ||    11
       Ring mail         |    22 |    11 |       ||    33
       Scale mail        |       |    38 |       ||    38
       Chain mail        |       |     4 |    18 ||    22
Dodge: Dodged            |    47 |    60 |     9 ||   116
Block: Kite shield       |     5 |    72 |    49 ||   126
